 Dungeon Crawl Stone Soup version 0.20.0-8-g6b59dc7 (webtiles) character file.

140 manyhoops the Skirmisher (level 5, -12/49 HPs)
             Began as a Tengu Gladiator on June 2, 2017.
             Killed by divine providence
             ... invoked by an orc priest
              (17 damage)
             ... on level 3 of the Dungeon.
             The game lasted 00:04:20 (2021 turns).

manyhoops the Skirmisher (Tengu Gladiator)          Turns: 2021, Time: 00:04:21

Health: -12/49     AC: 22    Str: 14    XL:     5   Next: 22%
Magic:  6/6        EV:  2    Int:  8    God:
Gold:   63         SH:  0    Dex: 17    Spells: 4/4 levels left

rFire    . . .     SeeInvis .   a - +0 long sword
rCold    . . .     Gourm    +   (no shield)
rNeg     + + +     Faith    .   (armour currently unavailable)
rPois    +         Spirit   .   (helmet currently unavailable)
rElec    .         Reflect  .   (cloak currently unavailable)
rCorr    .         Harm     .   (gloves currently unavailable)
MR       .....     NoTele   +   (boots unavailable)
Stlth    ++........             w - amulet of the gourmand
Regen    0.2/turn               (no ring)
MPRegen  0.1/turn               (no ring)

@: tree-form
A: able to fly 1
a: Fly


You were on level 3 of the Dungeon.
You were not hungry.
You were a tree.
You visited 1 branch of the dungeon, and saw 3 of its levels.

You collected 63 gold pieces.

Inventory:

Hand Weapons
 a - a +0 long sword (weapon)
 s - a +0 hunting sling
Missiles
 d - 3 throwing nets (quivered)
 t - 39 sling bullets
Armour
 b - a +0 leather armour
 c - a +0 hat (melded)
 j - a +0 ring mail (melded)
Jewellery
 w - an amulet of the gourmand (around neck)
Wands
 o - a wand of random effects (25/48)
Scrolls
 e - a scroll of enchant armour
 h - 3 scrolls of blinking
 m - 2 scrolls of amnesia
 p - a scroll of magic mapping {unknown}
 q - a scroll of remove curse
Potions
 l - a potion of brilliance
 n - a potion of might
Comestibles
 f - a bread ration
 g - a meat ration


   Skills:
 - Level 3.8 Fighting
 - Level 3.2 Long Blades
 + Level 2.4(2.8) Slings
 - Level 2.0(2.5) Throwing
 - Level 2.1 Armour
 - Level 3.2 Dodging


You had 4 spell levels left.
You didn't know any spells.

Dungeon Overview and Level Annotations

Branches:
Dungeon (3/15)

Altars:
Ru
Yredelemnul


Innate Abilities, Weirdness & Mutations

((You have a beak for a mouth.))
((You have claws for feet.))
You can fly.


Message History

You claw the orc priest, but do no damage.
The orc priest is heavily wounded.
You float gracefully downwards.
The orc priest hits you with a short sword.
* * * LOW HITPOINT WARNING * * *
The orc priest hits you but does no damage.
You feel better.
The orc priest hits you but does no damage.
It was a potion of cancellation.
You feel magically purged.
The orc priest hits you with a short sword.
* * * LOW HITPOINT WARNING * * *
It was a potion of lignification.
You turn into a tree.
Your +0 hat melds into your body.
Your +0 ring mail melds into your body.
Your roots penetrate the ground.
The orc priest hits you but does no damage.
You barely miss the orc priest.
The orc priest is heavily wounded.
The orc priest invokes the aid of Beogh against you.
Beogh smites you!
You die...

############
#...♣o)((((.
##.#########
#.#
#.#######
#.......#
#.......#
#.......#
#.......#
#.......#


You could see an orc priest.

Vanquished Creatures
  Jessica (D:2)
  An orc wizard (D:3)
  5 adders
  An ooze (D:1)
  A dart slug (D:1)
  A leopard gecko (D:1)
  2 orcs (D:3)
  4 giant cockroaches
  5 goblins
  3 hobgoblins
  5 kobolds
  2 quokkas
  A ball python (D:3)
  4 bats
  A frilled lizard (D:3)
  7 rats
44 creatures vanquished.

Notes
Turn   | Place    | Note
-------+----------+-------------------------------------------
     0 | D:1      | manyhoops the Tengu Gladiator began the quest for the Orb.
     0 | D:1      | Reached XP level 1. HP: 12/12 MP: 2/2
   150 | D:1      | Reached XP level 2. HP: 17/18 MP: 3/3
   646 | D:1      | Reached XP level 3. HP: 23/23 MP: 4/4
   979 | D:2      | Reached skill level 1 in Armour
  1282 | D:2      | Noticed Jessica
  1283 | D:2      | Found a basalt altar of Yredelemnul.
  1298 | D:2      | Killed Jessica
  1298 | D:2      | Reached XP level 4. HP: 24/29 MP: 5/5
  1359 | D:2      | Found a sacrificial altar of Ru.
  1745 | D:3      | Reached skill level 1 in Slings
  1951 | D:3      | Gained mutation: You can fly. [Tengu growth]
  1951 | D:3      | Reached XP level 5. HP: 32/33 MP: 6/6
  2021 | D:3      | Killed from afar by an orc priest

Skill      XL: |  1  2  3  4  5 |
---------------+----------------+-----
Fighting       | 3 |  3.8
Armour         | 2 |  2.1
Slings         | 1 2 |  2.4
Long Blades    | |  3.2
Throwing       | |  2.0
Dodging        | |  3.2

Action                   |  1- 3 |  4- 6 || total
-------------------------+-------+-------++-------
Melee: Long sword        |    57 |    18 ||    75
       Kick              |    17 |    10 ||    27
       Peck              |    13 |     6 ||    19
 Fire: Hunting sling     |       |    64 ||    64
 Abil: Fly               |       |     1 ||     1
  Use: Scroll            |     1 |     4 ||     5
       Potion            |       |     5 ||     5
  Eat: Chunk             |       |     6 ||     6
Armor: Leather armour    |     3 |       ||     3
       Ring mail         |    10 |    20 ||    30
       Skin              |       |     1 ||     1
Dodge: Dodged            |    50 |    24 ||    74
       Rpst.: Long sword |    20 |     2 ||    22
